 Dungeon Crawl Stone Soup version 0.31.0-32-g396128a36d (webtiles) character file.

Game seed: 2479348821838019080

170973 spaghetti the Naga Catastrophe (level 18, -4/174 HPs)
             Began as a Naga Fighter on Mar 31, 2024.
             Was an Elder of Qazlal.
             Slain by a torpor snail (23 damage)
             ... on level 1 of the Spider Nest.
             The game lasted 00:44:54 (36761 turns).

spaghetti the Naga Catastrophe (Naga Fighter)      Turns: 36761, Time: 00:44:55

Health: -4/174     AC: 25    Str: 23    XL:     18   Next: 0%
Magic:  0/29       EV: 11    Int: 10    God:    Qazlal [****..]
Gold:   947        SH: 21    Dex: 19    Spells: 17/17 levels left

rFire   + +          .
                       - Unarmed
rCold   + + +        Z - +2 shield of Resistance {rF++ rC++ Will++}
rNeg    . . .        c - +8 chain mail {ponderous}
rPois   +            U - +1 helmet
rElec   .            i - +2 cloak
rCorr   .            M - +1 pair of gloves
SInv    +            g - +1 barding {rC+}
Will    ++++.        p - amulet of faith Stlth
                     K - +5 ring of evasion
HPRegen 0.49/turn    n - +6 ring of dexterity
MPRegen 0.21/turn

%: repel missiles, clarity, faith
@: about to teleport, short of breath, corroded, slowed, studying Shapeshifting,
very slow
A: AC +6, large, see invisible, deformed body, poison resistance, slowness 2,
spit poison 2, naga tail 2, clarity, wild magic 1, no potion heal 1
a: Breathe Poison Gas, Renounce Religion, Upheaval, Elemental Force


You were on level 1 of the Spider Nest.
You worshipped Qazlal.
Qazlal was greatly pleased with you.
You visited 5 branches of the dungeon, and saw 26 of its levels.
You also visited: Bailey.

You collected 2681 gold pieces.
You spent 1734 gold pieces at shops.

Inventory:

Missiles
 P - a throwing net
Armour
 c - a +8 chain mail of ponderousness (worn)
 g - a +1 barding of cold resistance (worn)
 i - a +2 cloak (worn)
 M - a +1 pair of gloves (worn)
 R - a +2 tower shield
 U - a +1 helmet (worn)
 Z - the +2 shield of Resistance (worn) {rF++ rC++ Will++}
   (You found it on level 3 of the Elven Halls)

   rF++:      It greatly protects you from fire.
   rC++:      It greatly protects you from cold.
   Will++:    It greatly increases your willpower.
Jewellery
 h - an amulet of magic regeneration
 n - a +6 ring of dexterity (right hand)
 p - an amulet of faith (around neck)
 t - a ring of wizardry
 D - the ring of the Voivode {*Corrode rF+ Will+ SInv}
   (You found it on level 10 of the Dungeon)

   [ring of willpower]

   rF+:       It protects you from fire.
   Will+:     It increases your willpower.
   SInv:      It lets you see invisible.
   *Corrode:  It may corrode you when you take damage.
 K - a +5 ring of evasion (left hand)
 L - a ring of flight
 O - a ring of magical power
 Q - a ring of fire
Wands
 w - a wand of light (4)
 y - a wand of flame (28)
 E - a wand of charming (14)
 G - a wand of mindburst (20)
 V - a wand of roots (8)
Scrolls
 e - 3 scrolls of revelation
 f - 7 scrolls of immolation
 j - 6 scrolls of enchant weapon
 k - 3 scrolls of vulnerability
 m - 7 scrolls of teleportation
 u - 2 scrolls of torment
 v - 7 scrolls of noise
 F - 3 scrolls of poison
 H - 12 scrolls of identify
 J - a scroll of brand weapon
 T - 2 scrolls of enchant armour
 Y - a scroll of fog
Potions
 a - 4 potions of resistance
 d - 10 potions of curing
 l - 4 potions of mutation
 o - 6 potions of enlightenment
 q - a potion of cancellation
 r - a potion of lignification
 s - 9 potions of haste
 x - 2 potions of degeneration
 N - 2 potions of brilliance
 W - a potion of heal wounds
 X - a potion of might
Miscellaneous
 b - a phial of floods (inert)
 A - a phantom mirror
 I - a tin of tremorstones (1/2)
 S - a lightning rod (4/4)


   Skills:
 + Level 13.9 Fighting
 + Level 11.4 Armour
 + Level 4.9 Dodging
 - Level 15.0 Shields
 - Level 15.0 Unarmed Combat
 - Level 15.4 Invocations


You had 17 spell levels left.
You didn't know any spells.
Your spell library contained the following spells:

 Spells                   Type           Power      Damage    Failure   Level
 Foxfire                  Conj/Fire      0%         2x1d4     96%         1
 Freeze                   Ice            0%         1d3       96%         1
 Kiss of Death            Conj/Necr      0%         2d5       96%         1
 Sandblast                Erth           0%         2d4       96%         1
 Slow                     Hex            0%         N/A       96%         1
 Call Imp                 Summ           0%         N/A       99%         2
 Cigotuvi's Dreadful Rot  Necr/Alch/Air  0%         N/A       99%         2
 Ensorcelled Hibernation  Hex/Ice        0%         N/A       99%         2
 Scorch                   Fire           0%         2d5       99%         2
 Sublimation of Blood     Necr           0%         N/A       99%         2
 Confusing Touch          Hex            0%         N/A       100%        3
 Dazzling Flash           Conj/Hex       0%         N/A       100%        3
 Frozen Ramparts          Ice            0%         1d1       100%        3
 Fugue of the Fallen      Necr           0%         N/A       100%        3
 Gell's Gravitas          Tloc           0%         N/A       100%        3
 Inner Flame              Hex/Fire       0%         N/A       100%        3
 Ozocubu's Armour         Ice            0%         N/A       100%        3
 Passwall                 Erth           0%         N/A       100%        3
 Sigil of Binding         Hex            0%         N/A       100%        3
 Stone Arrow              Conj/Erth      0%         3d7       100%        3
 Teleport Other           Tloc           0%         N/A       100%        3
 Tukima's Dance           Hex            0%         N/A       100%        3
 Vampiric Draining        Necr           0%         2d6       100%        3
 Volatile Blastmotes      Fire/Tloc      0%         2d10      100%        3
 Brom's Barrelling Bould  Conj/Erth      0%         2d3       100%        4
 Dimensional Bullseye     Hex/Tloc       0%         N/A       100%        4
 Dispel Undead            Necr           0%         3d6       100%        4
 Ignite Poison            Fire/Alch      0%         N/A       100%        4
 Iskenderun's Mystic Bla  Conj/Tloc      0%         2d3       100%        4
 Manifold Assault         Tloc           0%         N/A       100%        4
 Passage of Golubria      Tloc           0%         N/A       100%        4
 Vhi's Electric Charge    Tloc/Air       0%         N/A       100%        4
 Alistair's Intoxication  Alch           0%         N/A       100%        5
 Arcjolt                  Conj/Air       0%         1d10      100%        5
 Borgnjor's Vile Clutch   Necr/Erth      0%         N/A       100%        5
 Freezing Cloud           Conj/Ice/Air   0%         6-21      100%        5
 Irradiate                Conj/Alch      0%         3d11      100%        5
 Iskenderun's Battlesphe  Conj           0%         2d6       100%        5
 Lee's Rapid Deconstruct  Erth           0%         3d4*      100%        5
 Metabolic Englaciation   Hex/Ice        0%         N/A       100%        5
 Yara's Violent Unravell  Hex/Alch       0%         3d3       100%        5
 Bombard                  Conj/Erth      0%         9d1       100%        6
 Dispersal                Tloc           0%         N/A       100%        6
 Eringya's Noxious Bog    Alch           0%         4d6       100%        6
 Plasma Beam              Fire/Air       0%         2x1d10    100%        6
 Sculpt Simulacrum        Ice/Alch       0%         N/A       100%        6
 Starburst                Conj/Fire      0%         6d3       100%        6
 Malign Gateway           Summ/Tloc      0%         N/A       100%        7
 Orb of Destruction       Conj           0%         9d5       100%        7
 Spellforged Servitor     Conj/Summ      0%         N/A       100%        7
 Summon Hydra             Summ           0%         N/A       100%        7
 Ignition                 Fire           0%         3d3       100%        8
 Maxwell's Capacitive Co  Air            0%         ∞         100%        8
 Polar Vortex             Ice            0%         N/A       100%        9


Dungeon Overview and Level Annotations

Branches:
Dungeon (15/15)            Temple (0/1) D:4            Lair (5/5) D:9
 Shoals (0/4) Lair:2       Spider (1/4) Lair:3        Slime (0/5) Lair:4
    Orc (2/2) D:11            Elf (3/3) Orc:2        Vaults (0/5) D:13
 Depths (0/4) D:15         Bailey (visited)

Altars:
Elyvilon
Fedhas
Qazlal
Trog
Yredelemnul
Zin
Jiyva

Shops:
D:4 !   D:5 [   D:7 *   D:10 [   Orc:2 *[:?(   Elf:3 :[

Portals:
Trove: D:12 (give 17 potions of curing)

Annotations:
Elf:2 39 runed translucent doors


Innate Abilities, Weirdness & Mutations

Your serpentine skin is tough. (AC +6)
You have supernaturally acute eyesight. (SInv)
Armour fits poorly on your strangely shaped body.
Your system is resistant to poisons. (rPois)
You cover ground very slowly.
You can exhale a cloud of poison.
You can use your snake-like lower body to constrict enemies.
You possess an exceptional clarity of mind.
Your spells are a little harder to cast, but a little more powerful.
Potions are less effective at restoring your health.


Message History

The entropy weaver completely misses you.
The entropy weaver hits you but does no damage. x2
The ghost moth stares at you.
You feel your power leaking away.
The ghost moth hits you but does no damage.
The ghost moth closely misses you.
The ghost moth stings you but does no damage.
The moth of wrath is engulfed in poison gas.
The moth of wrath looks even sicker.
The moth of wrath goads the torpor snail on!
The torpor snail goes berserk!
The tarantella barely misses you.
The entropy weaver points at you and mumbles some strange words.
The entropic weave corrodes you!
The radroach is engulfed in poison gas.
The radroach looks as sick as possible!
The radroach closely misses you. The radroach claws you.
* * * LOW HITPOINT WARNING * * *
The moth of wrath is engulfed in poison gas.
The moth of wrath looks as sick as possible!
The ghost moth stares at you. The ghost moth hits you!
* * * LOW HITPOINT WARNING * * *
The ghost moth barely misses you. The ghost moth misses you.
The tarantella touches you!
* * * LOW HITPOINT WARNING * * *
You have reached level 18!
Your skin feels tougher.
As you read the scroll of teleportation, it crumbles to dust.
You feel strangely unstable.
You constrict the ghost moth! You block the tarantella's attack.
The radroach is engulfed in poison gas.
The radroach looks as sick as possible!
You block the radroach's attack. x2
The tarantella touches you.
* * * LOW HITPOINT WARNING * * *
You are afflicted by dizzying energies!
You feel momentarily confused.
The entropy weaver hits you but does no damage.
The entropy weaver hits you.
* * * LOW HITPOINT WARNING * * *
The entropy weaver closely misses you.
The entropy weaver hits you but does no damage.
The torpor snail bites you!!
You die...

##############
.........#^..##
.......§..#...#
.....##°†.....#
.#...ss@y○..#...
$.....BwB......#
......§y.°.^.$#.
....##.#...#....
#... ..#.°......
... ..s.........
. ##.......#..#
... ~......


You could see a radroach (berserk, extremely poisoned), a ghost moth
(invisible), an entropy weaver (extremely poisoned), a torpor snail (berserk), a
moth of wrath (extremely poisoned), a jumping spider and 2 tarantellas.

Vanquished Creatures
  5 deep elf blademasters (Elf:3)
  Asterion (Elf:1)
  2 deep elf master archers (Elf:3)
  Louise (Elf:3)
  8 deep elf sorcerers
  An ironbound thunderhulk (D:13)
  7 deep elf annihilators (Elf:3)
  3 deep elf demonologists (Elf:3)
  2 deep elf death magi (Elf:3)
  Snorg (D:13)
  A fire dragon (D:15)
  A deep elf high priest (Elf:3)
  7 hydras
  An ogre mage (D:15)
  A two-headed ogre (shapeshifter) (D:15)
  2 centaur warriors (D:13)
  2 vault guards (D:13)
  2 two-headed ogres
  5 boulder beetles
  6 dancing weapons
  4 catoblepae
  21 death yaks
  A deep troll earth mage (D:15)
  An orc high priest (Orc:2)
  13 deep elf knights
  4 skysharks
  3 skeletal warriors (D:15)
  2 arcanists
  13 deep elf archers
  A steelbarb worm (Spider:1)
  6 orc knights
  2 lindwurms
  22 deep elf pyromancers
  6 orc sorcerers
  2 wolf spiders
  22 deep elf zephyrmancers
  9 cyclopes
  11 ugly things
  A salamander (shapeshifter) (D:13)
  A meliai (shapeshifter) (Elf:1)
  2 manticores (Lair:5)
  7 kobold blastminers
  21 elephants
  4 black mambas
  3 torpor snails
  7 cane toads
  6 komodo dragons
  2 freezing wraiths (D:15)
  2 rime drakes
  An efreet (D:11)
  Psyche (D:8)
  4 polar bears
  9 trolls
  6 blink frogs
  Sigmund (D:6)
  5 slime creatures
  A shadow (D:12)
  2 vampires
  2 air elementals
  2 wraiths (D:14)
  A water elemental (Elf:2)
  6 wyverns
  6 fire elementals
  70 yaks
  3 humans (D:13)
  5 redbacks
  5 hogs (D:13)
  4 basilisks
  5 vampire mosquitoes
  Menkaure (D:7)
  3 acid dragons
  17 water moccasins
  Duvessa (D:7)
  A black bear (Lair:1)
  2 laughing skulls (D:10)
  A sky beast (D:8)
  2 ice beasts
  28 orc warriors
  An ice beast (shapeshifter) (D:10)
  4 ogres
  A boggart (Elf:1)
  8 wolves
  19 centaurs
  4 phantoms
  2 kobold brigands
  10 bullfrogs
  4 earth elementals
  8 scorpions
  6 wights (D:8)
  Dowan (D:7)
  5 killer bees (D:8)
  3 electric eels (Elf:3)
  A bombardier beetle (D:5)
  6 howler monkeys
  6 jellies
  18 orc priests
  6 hounds
  Crazy Yiuf (D:6)
  2 sleepcaps
  3 gnoll boudas
  4 iguanas
  9 orc wizards
  6 hell rats (Lair:5)
  15 gnolls
  13 adders
  3 shadow imps (D:6)
  3 white imps
  7 ufetubi
  3 ribbon worms
  4 dart slugs
  66 orcs
  6 bats
  15 endoplasms
  2 giant cockroaches
  8 goblins
  6 hobgoblins
  19 kobolds
  5 quokkas
  5 ball pythons
  2 frilled lizards (D:1)
  5 rats
  A butterfly (D:10)
779 creatures vanquished.

Vanquished Creatures (collateral kills)
  Agnes (D:15)
  Kirke (D:13)
  Aizul (Elf:1)
  An orc warlord (Orc:2)
  A hydra (Lair:2)
  A boulder beetle (D:15)
  A death yak (Lair:4)
  A skeletal warrior (D:15)
  2 deep elf pyromancers (Elf:1)
  An orc knight (D:15)
  3 deep elf zephyrmancers (Elf:1)
  2 elephants (Lair:3)
  2 hogs (D:13)
  A basilisk (Lair:2)
  An orc warrior (D:15)
  A centaur (D:13)
  A boggart (Elf:1)
  An electric eel (Lair:2)
  An orc wizard (Orc:2)
  3 orcs (D:15)
27 creatures vanquished.

Vanquished Creatures (others)
  A yak (Lair:5)
1 creature vanquished.

Grand Total: 807 creatures vanquished

Notes
Turn   | Place    | Note
-------+----------+-------------------------------------------
     0 | D:1      | spaghetti the Naga Fighter began the quest for the Orb.
     0 | D:1      | Reached XP level 1. HP: 21/21 MP: 1/1
   183 | D:1      | Reached XP level 2. HP: 14/28 MP: 2/2
  1095 | D:2      | Reached XP level 3. HP: 25/34 MP: 3/3
  1235 | D:2      | Reached XP level 4. HP: 24/42 MP: 4/4
  2068 | D:3      | Found a faded altar of an unknown god.
  2107 | D:3      | Prayed at the altar of an unknown god.
  2107 | D:3      | Became a worshipper of Qazlal Stormbringer
  2107 | D:3      | Reached * piety under Qazlal
  2321 | D:4      | Noticed a phantom
  2331 | D:4      | Killed a phantom
  2332 | D:4      | Reached skill level 5 in Unarmed Combat
  2332 | D:4      | Reached skill level 1 in Invocations
  2332 | D:4      | Reached XP level 5. HP: 37/49 MP: 4/6
  2364 | D:4      | Reached XP level 6. HP: 23/56 MP: 7/7
  2736 | D:4      | Reached ** piety under Qazlal
  2767 | D:4      | Gained mutation: Potions are less effective at restoring
                  | your health. [potion of mutation]
  2767 | D:4      | Gained mutation: You have hidden genetic potential. [potion
                  | of mutation]
  2767 | D:4      | Gained mutation: You can exhale a cloud of poison. [potion
                  | of mutation]
  3024 | D:4      | Found a staircase to the Ecumenical Temple.
  3139 | D:4      | Reached XP level 7. HP: 62/62 MP: 8/10
  3172 | D:4      | Gained mutation: You possess an exceptional clarity of
                  | mind. [hidden potential]
  3297 | D:4      | Found Reudoy's Distillery.
  3302 | D:4      | Bought a potion of berserk rage for 55 gold pieces
  3302 | D:4      | Bought a potion of haste for 110 gold pieces
  3451 | D:5      | Entered Level 5 of the Dungeon
  3487 | D:5      | Reached skill level 5 in Invocations
  3958 | D:5      | Found Sisa's Armour Shoppe.
  3961 | D:5      | Bought a +0 helmet for 63 gold pieces
  3981 | D:5      | Reached XP level 8. HP: 69/69 MP: 12/12
  4132 | D:5      | Gained mutation: Your spells are a little harder to cast,
                  | but a little more powerful. [hidden potential]
  4132 | D:5      | Lost mutation: You have hidden genetic potential. [hidden
                  | potential expressed]
  4249 | D:5      | Reached *** piety under Qazlal
  4274 | D:5      | Found the +11 Singing Sword {sonic wave}
  5277 | D:6      | Noticed Sigmund
  5281 | D:6      | Killed Sigmund
  5282 | D:6      | Reached XP level 9. HP: 65/75 MP: 13/15
  5393 | D:6      | HP: 4/112 [ufetubus (2)]
  5395 | D:6      | HP: 1/112 [ufetubus (3)]
  5786 | D:6      | Found a runed translucent door.
  5787 | D:6      | Noticed Crazy Yiuf
  5965 | D:6      | Killed Crazy Yiuf
  6132 | D:7      | Reached **** piety under Qazlal
  6205 | D:7      | Noticed Menkaure
  6216 | D:7      | Killed Menkaure
  6253 | D:7      | Noticed Maggie
  6255 | D:7      | Maggie changed into Maggie the ice beast
  6255 | D:7      | Noticed Maggie
  6265 | D:7      | Killed Maggie the ice beast
  6483 | D:7      | Found Gesum's Island Escapes.
  6582 | D:7      | Noticed Dowan
  6584 | D:7      | Noticed Duvessa
  6597 | D:7      | Killed Duvessa
  6603 | D:7      | Killed Dowan
  6985 | D:8      | Noticed Psyche
  7003 | D:8      | Killed Psyche
  7004 | D:8      | Reached XP level 10. HP: 65/87 MP: 15/17
  7135 | D:8      | Reached skill level 10 in Unarmed Combat
  7240 | D:8      | Reached skill level 5 in Fighting
  7256 | D:8      | Reached ***** piety under Qazlal
  7433 | D:8      | Noticed a two-headed ogre
  7447 | D:8      | Killed a two-headed ogre
  7856 | D:8      | Found a basalt altar of Yredelemnul.
  7900 | D:8      | Found a glowing silver altar of Zin.
  8284 | D:9      | Found a flagged portal.
  8294 | Bailey   | Entered a bailey
  8329 | Bailey   | Noticed an orc knight
  8337 | Bailey   | Found a large runed translucent door.
  8337 | Bailey   | Found a large runed translucent door.
  8337 | Bailey   | Noticed a deep elf pyromancer
  8339 | Bailey   | Reached skill level 10 in Invocations
  8349 | Bailey   | Killed an orc knight
  8601 | Bailey   | Killed a deep elf pyromancer
  8602 | Bailey   | Reached skill level 5 in Armour
  8613 | Bailey   | Identified the +7 whip of the Big Bang {drain, Dex+3}
  8616 | Bailey   | Identified the +1 leather armour "Duisocev" {Int+3}
  8617 | Bailey   | Identified the +4 plate armour "Ihomm" {rElec rF- rCorr
                  | Slay+3}
  8640 | Bailey   | Identified the +0 helmet of the Jackfruit {rElec rPois
                  | Str-3 Int+4}
  8968 | D:9      | Reached XP level 11. HP: 69/99 MP: 18/18
  9363 | D:9      | Found a blossoming altar of Fedhas.
  9536 | D:9      | Found a staircase to the Lair.
  9750 | D:10     | Entered Level 10 of the Dungeon
  9756 | D:10     | Found a bloodstained altar of Trog.
  9926 | D:10     | Found Xoatoh's Armour Shoppe.
 10100 | D:10     | Noticed an arcanist
 10101 | D:10     | Noticed a seven-headed hydra
 10110 | D:10     | Killed an arcanist
 10499 | D:10     | Got the Discourse on Lava and the Mortuary
 10535 | D:10     | Killed a seven-headed hydra
 10718 | D:10     | Noticed an orc knight
 10733 | D:10     | Killed an orc knight
 10959 | D:10     | Identified the ring of the Voivode {*Corrode rF+ Will+
                  | SInv}
 10970 | D:10     | Noticed a purple ugly thing
 10980 | D:10     | Killed a purple ugly thing
 11032 | D:10     | Found a white marble altar of Elyvilon.
 11199 | D:10     | Identified the +5 quarterstaff "Ficoheje" {drain, rPois}
 11519 | D:11     | Reached XP level 12. HP: 99/110 MP: 20/20
 11996 | D:11     | Found a staircase to the Orcish Mines.
 12381 | D:12     | Noticed a two-headed ogre
 12391 | D:12     | Killed a two-headed ogre
 12819 | D:12     | Found a portal to a secret trove of treasure.
 13330 | D:13     | Noticed a centaur warrior
 13339 | D:13     | Killed a centaur warrior
 13592 | D:13     | Noticed Kirke
 13598 | D:13     | Noticed a sphinx
 13942 | Lair:1   | Entered Level 1 of the Lair of Beasts
 14042 | Lair:1   | Noticed a boulder beetle
 14060 | Lair:1   | Killed a boulder beetle
 14577 | Lair:1   | Gained mutation: You can use your snake-like lower body to
                  | constrict enemies. [Naga growth]
 14577 | Lair:1   | Reached XP level 13. HP: 20/121 MP: 22/22
 15512 | Lair:2   | Reached skill level 10 in Fighting
 15539 | Lair:2   | Found a staircase to the Shoals.
 16685 | Lair:3   | Found a hole to the Spider Nest.
 17026 | Lair:3   | Identified the +7 short sword "Sebros" {heavy, rC+ rN+
                  | Will+ Dex-5}
 18032 | Lair:4   | Reached XP level 14. HP: 99/135 MP: 19/24
 18483 | Lair:4   | Found a staircase to the Slime Pits.
 18483 | Lair:4   | Found a viscous altar of Jiyva.
 19992 | Lair:5   | Entered Level 5 of the Lair of Beasts
 20009 | Lair:5   | Reached skill level 10 in Armour
 20357 | Lair:5   | Reached skill level 15 in Invocations
 20785 | Lair:5   | Reached skill level 1 in Dodging
 20789 | Lair:5   | Reached XP level 15. HP: 69/145 MP: 17/26
 21385 | Lair:5   | Reached skill level 15 in Unarmed Combat
 22288 | D:13     | Killed Kirke
 22333 | D:13     | Noticed Snorg
 22343 | D:13     | Killed Snorg
 22531 | D:13     | HP: 1/146 [very large slime creature (40)]
 23178 | D:13     | Reached skill level 5 in Shields
 23313 | D:13     | Found a gate to the Vaults.
 24696 | D:15     | Entered Level 15 of the Dungeon
 24711 | D:15     | Noticed Agnes
 24716 | D:15     | Killed Agnes
 25016 | D:15     | Reached XP level 16. HP: 154/154 MP: 27/27
 25839 | D:15     | Reached skill level 10 in Shields
 25906 | D:15     | Found a staircase to the Depths.
 26331 | Orc:1    | Entered Level 1 of the Orcish Mines
 26536 | Orc:2    | Entered Level 2 of the Orcish Mines
 26765 | Orc:2    | Found Firrischa's General Store.
 27073 | Orc:2    | Bought a potion of heal wounds for 75 gold pieces
 27073 | Orc:2    | Bought a potion of haste for 150 gold pieces
 27162 | Orc:2    | Found Hazxunos's Antique Armour Shoppe.
 27226 | Orc:2    | Bought a brightly glowing plate armour for 644 gold pieces
 27226 | Orc:2    | Identified the +3 plate armour "Kewkoavi" {Rampage rElec
                  | rC- Stlth+} (You bought it in a shop on level 2 of the
                  | Orcish Mines)
 27309 | Orc:2    | Found Othe's Book Shop.
 27351 | Orc:2    | Found a staircase to the Elven Halls.
 27381 | Orc:2    | Found Laataf's Magic Scroll Emporium.
 27454 | Orc:2    | Found Gabiptip's Antique Weapon Emporium.
 27958 | Orc:2    | Bought a scroll of teleportation for 39 gold pieces
 28493 | Elf:1    | Entered Level 1 of the Elven Halls
 28564 | Elf:1    | Identified the serpent talisman "Akofy" {*Corrode Dex+7
                  | Slay+6}
 28564 | Elf:1    | Noticed Aizul
 28587 | Elf:1    | Killed Aizul
 29649 | Elf:1    | Noticed Asterion
 29661 | Elf:1    | Killed Asterion
 29974 | Elf:1    | Paralysed by an air elemental for 1 turns
 30584 | Elf:2    | Found a runed translucent gate.
 30584 | Elf:2    | Found a runed translucent gate.
 30595 | Elf:2    | Reached XP level 17. HP: 147/162 MP: 28/28
 30807 | Elf:2    | Found a huge runed translucent gate.
 30807 | Elf:2    | Found a huge runed translucent gate.
 30807 | Elf:2    | Found a huge runed translucent gate.
 30807 | Elf:2    | Found a huge runed translucent gate.
 30808 | Elf:2    | Found a huge runed translucent gate.
 30808 | Elf:2    | Found a huge runed translucent gate.
 30808 | Elf:2    | Found a huge runed translucent gate.
 30812 | Elf:2    | Found a huge runed translucent gate.
 30812 | Elf:2    | Found a huge runed translucent gate.
 31172 | Elf:2    | Found a huge runed translucent gate.
 31172 | Elf:2    | Found a huge runed translucent gate.
 31172 | Elf:2    | Found a huge runed translucent gate.
 31173 | Elf:2    | Found a huge runed translucent gate.
 31174 | Elf:2    | Found a huge runed translucent gate.
 31175 | Elf:2    | Found a huge runed translucent gate.
 31178 | Elf:2    | Found a huge runed translucent gate.
 31764 | Elf:2    | Found a runed translucent gate.
 31825 | Elf:2    | Found a huge runed translucent gate.
 31825 | Elf:2    | Found a huge runed translucent gate.
 31825 | Elf:2    | Found a huge runed translucent gate.
 31825 | Elf:2    | Found a huge runed translucent gate.
 31825 | Elf:2    | Found a huge runed translucent gate.
 31826 | Elf:2    | Found a huge runed translucent gate.
 31826 | Elf:2    | Found a huge runed translucent gate.
 31826 | Elf:2    | Found a huge runed translucent gate.
 31827 | Elf:2    | Found a huge runed translucent gate.
 31828 | Elf:2    | Found a huge runed translucent gate.
 31830 | Elf:2    | Found a huge runed translucent gate.
 31831 | Elf:2    | Found a huge runed translucent gate.
 31832 | Elf:2    | Found a huge runed translucent gate.
 31833 | Elf:2    | Found a huge runed translucent gate.
 31834 | Elf:2    | Found a huge runed translucent gate.
 31849 | Elf:2    | Found a huge runed translucent gate.
 31851 | Elf:2    | Found a huge runed translucent gate.
 31852 | Elf:2    | Found a huge runed translucent gate.
 31853 | Elf:2    | Found a huge runed translucent gate.
 31853 | Elf:2    | Found a huge runed translucent gate.
 31920 | Elf:3    | Entered Level 3 of the Elven Halls
 31920 | Elf:3    | Found Jaco's Vocational Training.
 31931 | Elf:3    | Noticed Louise
 31946 | Elf:3    | Killed Louise
 32697 | Elf:3    | Reached skill level 15 in Shields
 32789 | Elf:3    | Noticed a deep elf blademaster
 32790 | Elf:3    | Noticed a deep elf blademaster
 32797 | Elf:3    | Noticed a deep elf blademaster
 32826 | Elf:3    | Found Wolagus's Armour Shoppe.
 33689 | Orc:2    | Bought a shiny barding for 598 gold pieces
 34238 | Elf:3    | Killed a deep elf blademaster
 34398 | Elf:3    | Noticed a deep elf master archer
 34403 | Elf:3    | Killed a deep elf master archer
 34466 | Elf:3    | Killed a deep elf blademaster
 34474 | Elf:3    | Killed a deep elf blademaster
 35311 | Elf:3    | Identified the +6 broad axe "Duqefa" {elec, Dex+2}
 35317 | Elf:3    | Noticed a deep elf master archer
 35334 | Elf:3    | Killed a deep elf master archer
 35698 | Elf:3    | Noticed a deep elf blademaster
 35711 | Elf:3    | Killed a deep elf blademaster
 35763 | Elf:3    | Identified the +11 rapier of Accord {venom, rCorr Str+3
                  | Int-2 Dex+3}
 35763 | Elf:3    | Identified the +2 robe of the Barnacle {+Blink rElec Regen+
                  | Int-2}
 35807 | Elf:3    | Noticed a deep elf blademaster
 35808 | Elf:3    | Identified the +9 rapier of Ixkirob {heavy, rF- Dex+4}
 35815 | Elf:3    | Killed a deep elf blademaster
 35849 | Elf:3    | Identified the +10 hand axe of Infinite Pain {speed, Str+8}
 36039 | Elf:3    | Found the +2 shield of Resistance {rF++ rC++ Will++}
 36103 | Elf:3    | Got the Opusculum on Firn and Amathomancy
 36104 | Elf:3    | Identified the +6 spear of Propriety {heavy, ^Fragile
                  | Str+4}
 36135 | Elf:3    | Got The Intricacies of the Magical Arts
 36153 | Elf:3    | Identified the +0 kite shield of Noon {rN+}
 36745 | Spider:1 | Entered Level 1 of the Spider Nest
 36761 | Spider:1 | Reached XP level 18. HP: 24/174 MP: 0/29
 36761 | Spider:1 | Slain by a torpor snail

Illustrated notes

Levels and vault maps discovered:
D:1:      beargit_arrival_greenhouse, layout_loops_corners
D:2:      layout_rooms
D:3:      layout_basic, chequers_ecumenical_altar_lobes
D:4:      minmay_chambers_of_fours, layout_gridville,
          minmay_temple_entry_slanted, serial_rivers,
          chequers_serial_rivers_micro_e, chequers_serial_rivers_room_a,
          chequers_serial_rivers_large_a, chequers_serial_rivers_micro_b,
          serial_shops, nicolae_shop_industrial_runoff, minmay_fractal_squares_5
D:5:      old_forge, layout_basic, serial_shops, nicolae_shop_behind_doors,
          chequers_arboretum, kennysheep_generic_room_12
D:6:      layout_basic, serial_demonic, serial_demonic_g, serial_demonic_f,
          serial_demonic_g, serial_demonic_c, serial_demonic_g,
          serial_demonic_c, hangedman_decor_diamond_cutter, uniq_sigmund,
          uniq_crazy_yiuf_cottage
D:7:      layout_gridville, hex_large, nicolae_island_escapes, uniq_maggie,
          uniq_menkaure, uniq_duvessa
D:8:      kennysheep_blocky_hall, layout_basic, mainiacjoe_overflow_big_doors,
          uniq_psyche
D:9:      layout_grid_maze, fedhas_bush_and_centaur_altar, lair_entry_dummy,
          enter_bailey_2
D:10:     minmay_tri_box, layout_gridville, trog_ov_bears_minmay,
          nicolae_elyvilon_peaceful_grove, serial_shops, shop
D:11:     layout_roguey, minmay_orc_entry_temple_small
D:12:     layout_gridville, enter_trove_2
D:13:     layout_cave_pods, hellmonk_vaults_keyhole, uniq_snorg, uniq_kirke
D:14:     layout_loops_ring, serial_bayou_crossing
D:15:     hellmonk_depths_entry_around_the_bend, layout_cave_pools,
          serial_bayou_lagoon_a, lemuel_old_faithful, uniq_agnes
Lair:1:   layout_loops_ring, beast_lair_carwin_11
Lair:2:   layout_gridlike, elwin_shoals_entry_rocks, serial_bayou_lagoon_b
Lair:3:   layout_cave_pods, spider_nest_entry_webs, infiniplex_staircase_pool_2
Lair:4:   beast_lair_carwin_large_3, layout_layer_cave,
          nicolae_slime_entry_slimehenge, guppyfry_lair_drakes
Lair:5:   evilmike_catoblepas_cave, layout_regular_city, serial_bayou_shore_b
Spider:1: layout_spider_delve, nicolae_spider_not_touching_you
Orc:1:    layout_diamond_mine
Orc:2:    grunt_orc_gardens, layout_caves, grunt_orc_garden, grunt_orc_garden,
          grunt_orc_garden, grunt_orc_garden, serial_shops, shop
Elf:1:    elf_arrival_001, layout_onion_city, hangedman_elf_disciples,
          uniq_aizul, uniq_asterion
Elf:2:    elven_hall_of_blades_hangedman_original
          [nicolae_vaults_blade_armed_guards], layout_onion_city, door_vault,
          uniq_nikola
Elf:3:    minmay_elf_hall, layout_geoelf_castle, serial_shops, shop,
          nicolae_shop_vocational, uniq_louise

Skill      XL: |  1  2  3  4  5  6  7  8  9 10 11 12 13 14 15 16 17 |
---------------+----------------------------------------------------+-----
Unarmed Combat | 3 4 5 6 7 8 9 10 11 12 13 14 15 | 15.0
Invocations    | 1 2 4 5 8 9 10 11 12 14 15 | 15.4
Armour         | 3 5 6 8 9 10 11 | 11.4
Fighting       | 4 6 8 9 11 12 13 | 13.9
Dodging        | 1 2 4 |  4.9
Shields        | 9 13 15 | 15.0

Action                     |  1- 3 |  4- 6 |  7- 9 | 10-12 | 13-15 | 16-18 || total
---------------------------+-------+-------+-------+-------+-------+-------++-------
  Melee: Unarmed           |    91 |   162 |   330 |   497 |   756 |   643 ||  2479
         Constrict         |       |       |       |       |   148 |   138 ||   286
         Punch             |       |       |       |       |    19 |       ||    19
 Invoke: Upheaval          |       |       |     2 |     3 |     7 |     6 ||    18
         Elemental Force   |       |       |       |     3 |     7 |     5 ||    15
         Disaster Area     |       |       |       |     1 |     2 |       ||     3
Ability: Spit Poison       |     1 |     1 |       |       |       |       ||     2
         Breathe Poison Ga |       |     1 |    24 |    25 |    28 |    51 ||   129
  Evoke: Wand              |       |       |    12 |     3 |       |     5 ||    20
         Phantom mirror    |       |       |       |     1 |       |     2 ||     3
         Phial of floods   |       |       |       |       |       |     2 ||     2
         Tin of tremorston |       |       |       |       |       |     2 ||     2
    Use: Scroll            |     4 |     5 |     5 |    10 |     1 |     9 ||    34
         Potion            |     2 |     3 |     2 |     6 |       |    16 ||    29
   Stab: Invisible         |       |       |     1 |       |       |       ||     1
         Paralysed         |       |       |       |     1 |     6 |     2 ||     9
         Held in net/web   |       |       |       |       |     1 |       ||     1
         Petrified         |       |       |       |       |     5 |       ||     5
 Armour: Scale mail        |    71 |    95 |   261 |    54 |       |       ||   481
         Plate armour      |       |       |       |   440 |   700 |   331 ||  1471
         Skin              |       |       |       |     3 |       |       ||     3
         Chain mail        |       |       |       |       |       |    85 ||    85
  Dodge: Dodged            |    30 |    47 |   111 |   109 |   270 |   142 ||   709
         Repelled          |       |       |       |     2 |     1 |     5 ||     8
  Block: Buckler           |    16 |    48 |   123 |   259 |   260 |       ||   706
         Tower shield      |       |       |       |       |    51 |   606 ||   657
         Other             |       |       |       |       |    14 |       ||    14
         Kite shield       |       |       |       |       |       |    93 ||    93
